 Dungeon Crawl Stone Soup version 0.29-a0-775-g4d7333d4e2 (webtiles) character file.

Game seed: 15916447203324620400

254 zeratav the Ruffian (level 5, -6/50 HPs)
             Began as a Troll Fighter on July 1, 2022.
             Mangled by an orc warrior
             ... wielding a +0 scimitar
              (13 damage)
             ... on level 4 of the Dungeon.
             The game lasted 00:02:51 (3066 turns).

zeratav the Ruffian (Troll Fighter)                 Turns: 3066, Time: 00:02:52

Health: -6/50      AC:  4    Str: 26    XL:     5   Next: 90%
Magic:  4/4        EV:  8    Int:  4    God:
Gold:   192        SH:  7    Dex:  9    Spells: 4/4 levels left

rFire   . . .      SeeInvis .     - Unarmed
rCold   . . .      Faith    .   b - +0 kite shield
rNeg    . . .      Spirit   .   a - +0 robe
rPois   .          Reflect  .   (helmet restricted)
rElec   .          Harm     .   (no cloak)
rCorr   .          Rampage  .   (gloves unavailable)
Will    .....                   (boots unavailable)
Stlth   +.........              (no amulet)
HPRegen 0.96/turn               (no ring)
MPRegen 0.09/turn               (no ring)

@: no status effects
A: large, unfitting armour, claws 3, regeneration 1, shaggy fur 1, tough skin 1
a: no special abilities


You were on level 4 of the Dungeon.
You visited 1 branch of the dungeon, and saw 4 of its levels.

You collected 228 gold pieces.
You spent 36 gold pieces at shops.


Innate Abilities, Weirdness & Mutations

You are too large for most types of armour.
You have claws for hands.
Your natural rate of healing is unusually fast.
You are covered in fur. (AC +1)
You have tough skin. (AC +1)


   Skills:
 - Level 2.4 Fighting
 + Level 3.3 Throwing
 - Level 2.4 Dodging
 - Level 2.6 Shields
 + Level 4.9 Unarmed Combat


You had 4 spell levels left.
You didn't know any spells.
Your spell library contained the following spells:

 Spells                   Type           Power      Damage    Failure   Level
 Magic Dart               Conj           0%         1d3       80%         1
 Summon Small Mammal      Summ           0%         N/A       80%         1
 Searing Ray              Conj           0%         2d4       91%         2
 Call Canine Familiar     Summ           0%         N/A       99%         3
 Summon Guardian Golem    Hex/Summ       0%         N/A       99%         3
 Animate Dead             Necr           0%         N/A       100%        4
 Fulminant Prism          Conj/Hex       0%         3d6       100%        4
 Haunt                    Necr/Summ      0%         N/A       100%        7
 Infestation              Necr           0%         N/A       100%        8

Inventory:

Armour
 a - a +0 robe (worn)
 b - a +0 kite shield (worn)
Scrolls
 d - 5 scrolls of identify {unknown}
 f - 4 scrolls of noise {unknown}
 n - a scroll of fog {unknown}
 o - a scroll of fear {unknown}
 p - 3 scrolls of teleportation {unknown}
 q - 2 scrolls of blinking {unknown}
Potions
 c - 2 potions of might
 e - a potion of degeneration {unknown}
 g - 2 potions of heal wounds {unknown}
 h - a potion of berserk rage {unknown}
 i - a potion of resistance {unknown}
 j - 2 potions of mutation {unknown}
 k - a potion of flight {unknown}
 l - 2 potions of curing {@q1}
 m - 2 potions of lignification {unknown}
 r - 2 potions of brilliance {unknown}
 s - 3 potions of haste {unknown}

Dungeon Overview and Level Annotations

Branches:
Dungeon (4/15) Zot: 20921
 Temple: D:4-7

Altars:

Shops:
D:2

*
#.......#####..[..######.....#
#...).>.+.........'...####.#.#
##......#####.....###.## #.#.#
#......# #.##### #..# #.#..
#.###'######.########.###.###
#. #........................
#+ ########.#########.##.#..
#.# #..#.#.. #@# ##.#.#.#
##o#### #...#.# . #o{...#
##..#.# ....#######.....#
#..#.# .$(.............#
##.#.# ..#########.....# #.#.#
#.....# #....
#.....#########....
###########............


You could see an orc warrior and an orc.


Message History

No target in view!
No target in view!
No target in view!
No target in view!
No target in view!
No target in view!
No target in view!
No target in view!
No target in view!
No target in view!
No target in view!
No target in view!
No target in view!
Things that are here:
a +0 club {mace}; 2 stones {throwing}; a kobold corpse HP[+14]
Your hp is fully restored (50).
Things that are here:
a +0 halberd {polearm}; a gnoll corpse
There is an open door, spattered with blood here.
Things that are here:
a +0 club {mace}; a gnoll corpse
Things that are here:
a +1 whip of venom {mace}; a throwing net {=fthrowing}; a gnoll corpse
There is an open door, spattered with blood here.
Things that are here:
a +0 club {mace}; a gnoll corpse You open the door.
There is an open door here.
There is an open door here.
There is an open door, spattered with blood here.
Things that are here:
a +0 club {mace}; a gnoll corpse You open the door.
There is an open door here.
You see here a +0 trident {polearm}.
Things that are here:
4 poisoned darts {throwing}; a jackal corpse
There is an open door here.
An orc wizard comes into view. It is wielding a +0 dagger.
The orc wizard shouts!
An orc wizard is nearby!
An orc warrior comes into view. It is wielding a +0 scimitar.
The orc warrior shouts!
You hear a shout!
The orc wizard gestures at you while chanting.
The magic dart hits you!
The orc wizard points at you and mumbles some strange words.
You are confused.
An orc comes into view. It is wielding a +0 short sword.
HP[-10]
You take 10 damage, and now have 40/50 hp.
You're too confused to move!
HP[+1]
The orc wizard gestures wildly while chanting.
The orc wizard flickers and vanishes!
Deactivating autopickup; reactivate with Ctrl-A.
HP[+1] HP[+1] HP[+1]
You bump into the rock wall.
HP[+1] HP[+1] You're too confused to move!
You feel less confused.
HP[+1] HP[+1]
The orc warrior attacks as you move away!
You block the orc warrior's attack.
HP[+1] HP[+1]
Your hp is fully restored (50).
You scratch the orc warrior. You block the orc warrior's attack.
You claw the orc warrior!
The orc warrior hits you with a +0 scimitar!
HP[-15]
You take 15 damage, and now have 35/50 hp.
MASSIVE DAMAGE!! (PAUSE)
You scratch the orc warrior.
The orc warrior hits you with a +0 scimitar!
* * * LOW HITPOINT WARNING * * *
HP[-10]
You take 10 damage, and now have 25/50 hp.
You barely miss the orc warrior. You block the orc warrior's attack.
HP[+1]
You scratch the orc warrior. You block the orc warrior's attack.
HP[+1]
You scratch the orc warrior but do no damage.
The orc warrior hits you with a +0 scimitar!
* * * LOW HITPOINT WARNING * * *
HP[-8]
You take 8 damage, and now have 19/50 hp.
You scratch the orc warrior.
The orc warrior hits you with a +0 scimitar!
* * * LOW HITPOINT WARNING * * *
HP[-13]
You take 13 damage, and now have 6/50 hp.
MASSIVE DAMAGE!! (PAUSE)
You scratch the orc warrior but do no damage.
The orc warrior hits you with a +0 scimitar!
You die...

Skill      XL: |  1  2  3  4  5 |
---------------+----------------+-----
Unarmed Combat | 3 4 |  4.9
Throwing       | 1 2 3 |  3.3
Fighting       | |  2.4
Dodging        | |  2.4
Shields        | |  2.6

Action                   |  1- 3 |  4- 6 || total
-------------------------+-------+-------++-------
Melee: Unarmed           |    83 |   111 ||   194
Armor: Robe              |    29 |    24 ||    53
Dodge: Dodged            |    28 |    24 ||    52
Block: Kite shield       |    27 |    37 ||    64

Levels and vault maps discovered:
D:1:      lightli_arrival_statuegarden, layout_loops_cross, minmay_tetromino_o2
D:2:      layout_loops_ring, shapermc_ecumenical_altar_petra, serial_shops,
          shop_coins, uniq_robin
D:3:      layout_loops_ring, patterned_corridor
D:4:      layout_basic

Notes
Turn   | Place    | Note
-------+----------+-------------------------------------------
     0 | D:1      | zeratav the Troll Fighter began the quest for the Orb.
     0 | D:1      | Reached XP level 1. HP: 22/22 MP: 0/0
     0 | D:1      | magus.rc [v1.9.6]
    95 | D:1      | Reached XP level 2. HP: 29/29 MP: 1/1
   254 | D:1      | Reached skill level 3 in Unarmed Combat
   585 | D:1      | You pick up a book of Callings and begin reading...
   585 | D:1      | You add the spells Summon Small Mammal, Call Canine
                  | Familiar and Summon Guardian Golem to your library.
   792 | D:1      | You pick up a book of Conjurations {@e2} and begin
                  | reading...
   792 | D:1      | You add the spells Magic Dart, Searing Ray and Fulminant
                  | Prism to your library.
   969 | D:2      | Found Ijikunk's General Store.
   990 | D:2      | Bought a potion of curing for 36 gold pieces
  1007 | D:2      | Reached skill level 1 in Throwing
  1007 | D:2      | Reached XP level 3. HP: 36/36 MP: 2/2
  1308 | D:2      | Noticed Robin
  1330 | D:2      | Killed Robin
  1589 | D:2      | Found a faded altar of an unknown god.
  1742 | D:3      | Reached skill level 2 in Throwing
  1742 | D:3      | Reached XP level 4. HP: 44/44 MP: 3/3
  1773 | D:3      | Reached skill level 4 in Unarmed Combat
  1847 | D:3      | Noticed a phantom
  1856 | D:3      | Killed a phantom
  1857 | D:3      | Reached XP level 5. HP: 41/50 MP: 4/4
  2624 | D:4      | You pick up a book of Death and begin reading...
  2624 | D:4      | You add the spells Animate Dead, Haunt and Infestation to
                  | your library.
  2767 | D:4      | Reached skill level 3 in Throwing
  3046 | D:4      | Noticed an orc warrior
  3065 | D:4      | HP: 6/50 [orc warrior/+0 scimitar (14)]
  3066 | D:4      | Mangled by an orc warrior

Vanquished Creatures
  A phantom (D:3)
  A hound (D:3)
  Robin (D:2)
  3 gnolls (D:4)
  3 adders
  A worm (D:2)
  4 dart slugs
  6 orcs
  4 ball pythons
  3 bats
  2 endoplasms (D:1)
  3 giant cockroaches
  11 goblins
  7 hobgoblins
  5 jackals
  2 quokkas (D:4)
  3 frilled lizards (D:3)
  5 kobolds
  5 rats
70 creatures vanquished.

Vanquished Creatures (others)
  A plant (D:2)
1 creature vanquished.

Grand Total: 71 creatures vanquished

Table legend:
 A = Non-vault XP
 B = Vault XP
 C = Vault XP percentage of total XP
 D = Non-vault monster count
 E = Vault monster count
 F = Vault count percentage of total count
                 A         B        C        D         E       F
            +---------+---------+-------+---------+---------+-------
      Total |     332 |      31 |   8.5 |      61 |       9 |  12.9
            +---------+---------+-------+---------+---------+-------
        D:1 |      26 |       6 |  18.8 |      14 |       2 |  12.5
        D:2 |      29 |      25 |  46.3 |       9 |       7 |  43.8
        D:3 |     188 |       0 |   0.0 |      19 |       0 |   0.0
        D:4 |      89 |       0 |   0.0 |      19 |       0 |   0.0
            +---------+---------+-------+---------+---------+-------

Illustrated notes

Table legend:
 A = Kills in this place as a percentage of kills in entire the game.
 B = Kills by you in this place as a percentage of kills by you in the entire game.
 C = Kills by friends in this place as a percentage of kills by friends in the entire game.
 D = Other kills in this place as a percentage of other kills in the entire game.
 E = Experience gained in this place as a percentage of experience gained in the entire game.
 F = Experience gained in this place divided by the number of levels of this place that you have seen.
                   A       B       C       D       E      F
               +-------+-------+-------+-------+-------+----------------------
         Total | 100.0 | 100.0 |   N/A |   N/A | 100.0 |  90.8
       Dungeon | 100.0 | 100.0 |   N/A |   N/A | 100.0 |  90.8
               +-------+-------+-------+-------+-------+----------------------

Table legend: (Time is in decaauts)
 A = Elapsed time spent in this place.
 B = Non-inter-level travel time spent in this place.
 C = Inter-level travel time spent in this place.
 D = Time resting spent in this place.
 E = Time spent auto-exploring this place.
 F = Levels seen in this place.
 G = Mean time per level.
                   A        B        C        D        E       F      G
               +--------+--------+--------+--------+--------+-----+--------+
         Total |   3077 |   2945 |    132 |      0 |   2534 |   4 |  769.2 |
       Dungeon |   3077 |   2945 |    132 |      0 |   2534 |   4 |  769.2 |
               +--------+--------+--------+--------+--------+-----+--------+

Top non-repeatable levels by time:
     D:2: 848 daAuts
     D:1: 822 daAuts
     D:3: 806 daAuts
     D:4: 600 daAuts
